 Dungeon Crawl Stone Soup version 0.30-a0-170-g85af917532 (webtiles) character file.

Game seed: 6721465788145058764

109 qw the Chopper (level 4, -6/28 HPs)
             Began as a Gargoyle Fighter on Sept 30, 2022.
             Mangled by a gnoll
             ... wielding the +8 frozen axe "Frostbite" {freezing cloud, *Noise Fly rC+}
              (15 damage)
             ... on level 3 of the Dungeon.
             The game lasted 00:01:00 (2486 turns).

qw the Chopper (Gargoyle Fighter)                   Turns: 2486, Time: 00:01:01

Health: -6/28      AC: 11    Str: 21    XL:     4   Next: 90%
Magic:  4/4        EV:  9    Int:  9    God:
Gold:   68         SH:  4    Dex:  9    Spells: 3/3 levels left

rFire   . . .      SeeInvis .    Y - +1 war axe (freeze)
rCold   . . .      Faith    .    c - +0 buckler
rNeg    + . .      Spirit   .    b - +0 scale mail
rPois   inf        Reflect  .    (no helmet)
rElec   +          Harm     .    (no cloak)
rCorr   .          Rampage  .    (no gloves)
Will    .....                    f - +0 pair of boots
Stlth   ..........               (no amulet)
HPRegen 0.09/turn                (no ring)
MPRegen 0.09/turn                (no ring)

@: no status effects
A: sickness immunity, AC +3, negative energy resistance 1, electricity
resistance, torment resistance 1, petrification resistance
a: no special abilities


You were on level 3 of the Dungeon.
You visited 1 branch of the dungeon, and saw 3 of its levels.

You collected 68 gold pieces.


Innate Abilities, Weirdness & Mutations

You are immune to sickness and miasma.
Your stone body is resilient. (AC +3)
You are immune to poison.
You resist negative energy. (rN+)
You are resistant to electric shocks. (rElec)
You are resistant to unholy torment.
You are immune to petrification.


   Skills:
 - Level 3.2 Fighting
 + Level 4.4 Axes
 - Level 3.2 Armour
 - Level 3.2 Shields


You had 3 spell levels left.
You didn't know any spells.
Your spell library was empty.

Inventory:

Hand Weapons
 m - a +0 whip
 Y - a +1 war axe of freezing (weapon)
Armour
 b - a +0 scale mail (worn)
 c - a +0 buckler (worn)
 f - a +0 pair of boots (worn)
Scrolls
 i - a scroll of identify
Potions
 a - a potion of curing
 d - a potion of might
 g - a potion of heal wounds {unknown}
 h - a potion of degeneration {unknown}
 j - a potion of attraction {unknown}
 k - a potion of resistance {unknown}

Dungeon Overview and Level Annotations

Branches:
Dungeon (3/15)

Altars:


Message History

You slash the gnoll! You freeze the gnoll.
You kill the gnoll!
The gnoll hits you from afar with a +0 halberd.
A gnoll comes into view. It is wielding a +0 club.
2322 ||| Stepping ~*~*~tactically~*~*~ (stealth).
The gnoll hits you with a +0 halberd.
Things that are here:
a +0 dagger; a +0 dagger; a ball python corpse
2324 ||| Stepping ~*~*~tactically~*~*~ (stealth).
The gnoll attacks as you move away! The gnoll hits you but does no damage.
You barely miss the gnoll. The gnoll barely misses you.
The gnoll hits you but does no damage.
The gnoll shouts!
You slash the gnoll! You freeze the gnoll.
You kill the gnoll!
A gnoll comes into view.
It is wielding the +8 frozen axe "Frostbite" {freezing cloud, *Noise Fly rC+}.
2327 ||| FLEEEEING.
A hobgoblin comes into view.
The hobgoblin shouts!
Items here: %% ))).
2328 ||| FLEEEEING.
There is a stone staircase leading up here.
2329 ||| STAIRDANCE The gnoll drinks a potion.
The gnoll seems to speed up.
You climb upwards.
There is a stone staircase leading down here.
You start resting.
HP restored.
Done exploring.
(D) Dungeon
Where to? (* - list waypoints, Enter - D:3, ? - help)
What level of the Dungeon? (default 1, ? - help)
You climb downwards.
The gnoll hits you with the +8 frozen axe "Frostbite" {freezing cloud, *Noise Fly rC+}!
The gnoll freezes you. The gnoll hits you with a +0 club.
There is a stone staircase leading up here.
You barely miss the gnoll. You hit the gnoll. You freeze the gnoll.
The gnoll hits you with the +8 frozen axe "Frostbite" {freezing cloud, *Noise Fly rC+}!
Ouch! That really hurt!
You die...

... ... ..#
#.# ##.####
###+#.....#.##
#.............
#...g)###.#.#.
#...@)......#
#....g.#..#.#
#....g.# g...
#......[. .##
#..........+
#......[...#
#.....####..
#.....# ..


You could see 2 gnolls and a hobgoblin.

Vanquished Creatures
  An adder (D:2)
  2 gnolls (D:3)
  2 dart slugs (D:1)
  10 bats
  4 endoplasms
  3 giant cockroaches
  10 goblins
  3 hobgoblins
  7 jackals (D:2)
  2 quokkas
  7 ball pythons
  2 frilled lizards
  5 kobolds
  11 rats
69 creatures vanquished.

Notes
Turn   | Place    | Note
-------+----------+-------------------------------------------
     0 | D:1      | qw the Gargoyle Fighter began the quest for the Orb.
     0 | D:1      | Reached XP level 1. HP: 14/14 MP: 1/1
     0 | D:1      | 0 ||| qw: Version: 0.2-a-12-gaebbb33
     0 | D:1      | 0 ||| qw: Game counter: 1524
     0 | D:1      | 0 ||| qw: Always use a shield: true
     0 | D:1      | 0 ||| qw: God list: Okawaru
     0 | D:1      | 0 ||| qw: Allow faded altars: false
     0 | D:1      | 0 ||| qw: Do Orc after D:15 true
     0 | D:1      | 0 ||| qw: Do second Lair branch before Depths: true
     0 | D:1      | 0 ||| qw: Lair rune preference: random
     0 | D:1      | 0 ||| qw: Plans: Normal, Zot:1-4, God:TSO, Crypt, Tomb,
                  | Pan, Slime:5, Hells, Abyss, Orb
     0 | D:1      | 0 ||| PLANNING D:1-11
    27 | D:1      | Reached skill level 2 in Axes
   119 | D:1      | Reached XP level 2. HP: 19/19 MP: 2/2
   556 | D:1      | 556 ||| Stepping ~*~*~tactically~*~*~ (hiding).
   562 | D:1      | Reached skill level 3 in Axes
   565 | D:1      | Reached XP level 3. HP: 23/23 MP: 3/3
   665 | D:1      | Found a faded altar of an unknown god.
   707 | D:1      | You fall into a shaft and drop 1 floor!
   711 | D:2      | 711 ||| Stepping ~*~*~tactically~*~*~ (stealth).
   714 | D:2      | 714 ||| Stepping ~*~*~tactically~*~*~ (stealth).
   746 | D:2      | 746 ||| Stepping ~*~*~tactically~*~*~ (stealth).
   749 | D:2      | 749 ||| Stepping ~*~*~tactically~*~*~ (stealth).
   756 | D:2      | 756 ||| Stepping ~*~*~tactically~*~*~ (stealth).
   757 | D:2      | 757 ||| Stepping ~*~*~tactically~*~*~ (stealth).
   910 | D:2      | 910 ||| DROPPING +0 club.
   915 | D:2      | 915 ||| UPGRADING to +0 pair of boots.
   920 | D:2      | 920 ||| READING scroll labelled EGHEWK IR ABA.
   921 | D:2      | 921 ||| READING scroll labelled YPTUON RIDILO.
   922 | D:2      | 922 ||| READING scroll labelled ZUES XY BORR.
   923 | D:2      | 923 ||| DROPPING +0 whip.
  1383 | D:1      | Reached XP level 4. HP: 25/28 MP: 4/4
  1731 | D:1      | 1731 ||| READING scroll labelled UNITHRE ZEMADGHU.
  1909 | D:2      | 1909 ||| Stepping ~*~*~tactically~*~*~ (stealth).
  1997 | D:2      | Reached skill level 4 in Axes
  2018 | D:2      | 2018 ||| READING scroll of brand weapon.
  2018 | D:2      | 2018 ||| BRANDING +1 war axe of flaming.
  2080 | D:2      | 2080 ||| DROPPING +0 club.
  2214 | D:2      | 2214 ||| Stepping ~*~*~tactically~*~*~ (stealth).
  2217 | D:2      | 2217 ||| Stepping ~*~*~tactically~*~*~ (stealth).
  2278 | D:2      | 2278 ||| READING scroll labelled LUYTHICRYO.
  2279 | D:2      | 2279 ||| READING 2 scrolls of identify.
  2279 | D:2      | 2279 ||| IDENTIFYING purple potion
  2288 | D:3      | 2288 ||| Stepping ~*~*~tactically~*~*~ (hiding).
  2291 | D:3      | 2291 ||| Stepping ~*~*~tactically~*~*~ (hiding).
  2294 | D:3      | 2294 ||| Stepping ~*~*~tactically~*~*~ (hiding).
  2298 | D:3      | 2298 ||| Stepping ~*~*~tactically~*~*~ (hiding).
  2299 | D:3      | 2299 ||| Stepping ~*~*~tactically~*~*~ (hiding).
  2300 | D:3      | 2300 ||| Stepping ~*~*~tactically~*~*~ (hiding).
  2322 | D:3      | 2322 ||| Stepping ~*~*~tactically~*~*~ (stealth).
  2324 | D:3      | 2324 ||| Stepping ~*~*~tactically~*~*~ (stealth).
  2327 | D:3      | 2327 ||| FLEEEEING.
  2328 | D:3      | 2328 ||| FLEEEEING.
  2329 | D:3      | 2329 ||| STAIRDANCE
  2486 | D:3      | Mangled by a gnoll

Levels and vault maps discovered:
D:1:      dpeg_arrival_subterranean_lakeside_camping, layout_basic,
          shapermc_ecumenical_altar_rom_forum
D:2:      layout_rooms, kennysheep_generic_room_10
D:3:      layout_basic

Skill      XL: |  1  2  3  4 |
---------------+-------------+-----
Axes           | 2 3 4 |  4.4
Fighting       | |  3.2
Armour         | |  3.2
Shields        | |  3.2

Action                   |  1- 3 |  4- 6 || total
-------------------------+-------+-------++-------
Melee: War axe           |   126 |    72 ||   198
  Use: Scroll            |     3 |     4 ||     7
Armor: Scale mail        |    63 |    54 ||   117
Dodge: Dodged            |    79 |    52 ||   131
Block: Buckler           |    23 |    12 ||    35

Table legend:
 A = Non-vault XP
 B = Vault XP
 C = Vault XP percentage of total XP
 D = Non-vault monster count
 E = Vault monster count
 F = Vault count percentage of total count
                 A         B        C        D         E       F
            +---------+---------+-------+---------+---------+-------
      Total |     148 |       9 |   5.7 |      63 |       6 |   8.7
            +---------+---------+-------+---------+---------+-------
        D:1 |      50 |       9 |  15.3 |      27 |       6 |  18.2
        D:2 |      63 |       0 |   0.0 |      30 |       0 |   0.0
        D:3 |      35 |       0 |   0.0 |       6 |       0 |   0.0
            +---------+---------+-------+---------+---------+-------
